cohdb
Replays
Latest Replays
All Replays
Popular Replays
Top Player Replays
Match Explorer
How It Works
Community
CoH3 Stats
Reddit
Sign in to upload your games and track your stats! →
Sign in with Steam
2 brits vs 2 dak against ruby and mate
Match 45254217
Overview
Messages
Build Orders
End
Panzergrenadier Squad
250 Light Carrier
Selects Panzerjäger Kommand Battlegroup
Selects Panzerjäger Kommand Battlegroup
Selects Blockade Equipment
Panzerpioneer Squad
250 Light Carrier
Construct Light Support Kompanie
Combat Half-tracks
Panzerpioneer Squad
Selects Defensive Positions
Panzerjäger Mechanized Group
MG34 Team
Selects Tank Busters
2.5-tonne Medical Truck
Panzerjäger Squad
Construct Mechanized Kompanie
Veteran Squad Leaders
Selects Butterfly Bomb Drop
Butterfly Bomb Drop
MG34 Team
Support Armor Elements
Butterfly Bomb Drop
254 Reconnaissance Tractor
254 Reconnaissance Tractor
Selects Crew Shock Tactics
Pak 38 Mechanized Group
Butterfly Bomb Drop
[=v=]ClaudiaEnfield
⚓️Ruby⚓
Ober
MscIAc
0
0
Comments
sign in to comment!
No comments posted yet!